 Dungeon Crawl Stone Soup version 0.18.1-48-g4cf74bf (webtiles) character file.

94 Liquid the Skirmisher (level 4, -1/40 HPs)
             Began as a Minotaur Assassin on July 3, 2016.
             Killed from afar by a white imp (2 damage)
             ... with a puff of frost
             ... summoned by Natasha
             ... on level 3 of the Dungeon.
             The game lasted 00:03:40 (1801 turns).

Liquid the Skirmisher (Minotaur Assassin)           Turns: 1801, Time: 00:03:41

Health: -1/40      AC:  9    Str: 16    XL:     4   Next: 38%
Magic:  3/3        EV:  7    Int:  8    God:
Gold:   124        SH:  0    Dex: 12    Spells: 0 memorised, 3 levels left

rFire  . . .     SeeInvis .     x - +0 mace
rCold  + . .     Gourm    .     w - +0 chain mail
rNeg   . . .     Faith    .     (no shield)
rPois  .         Spirit   .     (helmet restricted)
rElec  .         Dismiss  .     d - +0 cloak
rCorr  .         Reflect  .     (no gloves)
SustAt .         Harm     .     (no boots)
MR     .....                    (no amulet)
Stlth  ..........               (no ring)
                                i - ring of protection from cold

@: slowed, very slow, not resistant to hostile enchantments, extremely
unstealthy
A: retaliatory headbutt, horns 2
a: no special abilities


You were on level 3 of the Dungeon.
You were not hungry.

You visited 1 branch of the dungeon, and saw 3 of its levels.

You collected 124 gold pieces.

Inventory:

Hand Weapons
 b - a +0 blowgun
 x - a +0 mace (weapon)
Missiles
 e - 16 poisoned needles
 f - 2 curare-tipped needles
Armour
 c - a +0 robe
 d - a +0 cloak (worn)
 m - a +0 ring mail
 w - a +0 chain mail (worn)
Jewellery
 i - a ring of protection from cold (left hand)
Scrolls
 a - a scroll of fear {unknown}
 h - a scroll of noise {unknown}
 j - a scroll of recharging {unknown}
 k - a scroll of enchant weapon {unknown}
 l - a scroll of magic mapping {unknown}
 n - 3 scrolls of identify {unknown}
 r - a scroll of teleportation {unknown}
 t - a scroll of blinking {unknown}
Potions
 o - a potion of haste {unknown}
 p - a potion of ambrosia {unknown}
 q - a potion of degeneration {unknown}
 s - a potion of curing {unknown}
 v - 2 potions of berserk rage {unknown}
Comestibles
 g - a bread ration
 u - a chunk of flesh


   Skills:
 + Level 3.7 Fighting
   Level 2.1 Short Blades
 * Level 2.4 Maces & Flails
 - Level 2.0 Throwing
 + Level 1.4 Armour
 + Level 2.5 Dodging
 - Level 3.2 Stealth


You had 3 spell levels left.
You didn't know any spells.

Dungeon Overview and Level Annotations

Branches:
Dungeon (3/15)

Altars:
Fedhas
Kikubaaqudgha
Yredelemnul
The Shining One

Annotations:
D:3 Natasha


Innate Abilities, Weirdness & Mutations

You reflexively headbutt those who attack you in melee.
You have a pair of horns on your head.


Message History

You hit Natasha but do no damage.
Natasha is moderately wounded.
The crimson imp hits you but does no damage.
Natasha casts a spell at you. The magic dart hits you!
* * * LOW HITPOINT WARNING * * *
The white imp gestures at you. The puff of frost hits you!
The crimson imp hits you.
* * * LOW HITPOINT WARNING * * *
Natasha closely misses you. You furiously retaliate!
You headbutt Natasha. You barely miss Natasha.
You headbutt Natasha, but do no damage.
Natasha is heavily wounded.
The white imp gestures at you. The puff of frost misses you.
The puff of frost hits Natasha.
The crimson imp barely misses you. You furiously retaliate!
You headbutt the crimson imp. Natasha claws you!
* * * LOW HITPOINT WARNING * * *
The white imp gestures at you. The puff of frost hits you! You resist.
You die...

#.# #######.####
........... .#
..####....#### .#
#.....%.(....##.##
#.####....##.#...
##)#.##.#..#
#5#.##.#..#
#@#.##.#..#
.....55h#.##.#..###.#
..#####.#^.^........#
...........#####
##.####.##.##
#.####.##..##
............#
.......##...#
.#######...#


You could see Natasha, a crimson imp and 2 white imps.

Vanquished Creatures
  3 adders (D:2)
  3 worms (D:2)
  2 dart slugs (D:1)
  4 giant geckos
  3 giant cockroaches
  6 goblins
  6 hobgoblins
  3 jackals (D:1)
  A quokka (D:2)
  A ball python (D:2)
  3 bats
  4 giant newts
  8 kobolds
  4 rats
51 creatures vanquished.

Vanquished Creatures (others)
  A kobold (D:3)
1 creature vanquished.

Grand Total: 52 creatures vanquished

Notes
Turn   | Place    | Note
--------------------------------------------------------------
     0 | D:1      | Liquid the Minotaur Assassin began the quest for the Orb.
     0 | D:1      | Reached XP level 1. HP: 18/18 MP: 0/0
   131 | D:1      | Reached XP level 2. HP: 25/25 MP: 1/1
   719 | D:2      | Reached skill level 1 in Maces & Flails
   810 | D:2      | Reached XP level 3. HP: 31/31 MP: 2/2
   999 | D:2      | Reached skill level 1 in Armour
  1237 | D:2      | Reached XP level 4. HP: 26/38 MP: 3/3
  1665 | D:3      | Found a glowing golden altar of the Shining One.
  1670 | D:3      | Found a basalt altar of Yredelemnul.
  1673 | D:3      | Noticed a profane servitor
  1688 | D:3      | Noticed an angel
  1742 | D:3      | Found a blossoming altar of Fedhas.
  1742 | D:3      | Found an ancient bone altar of Kikubaaqudgha.
  1791 | D:3      | Noticed Natasha
  1801 | D:3      | HP: 1/40 [Natasha (7)]
  1801 | D:3      | Killed from afar by a white imp

Skill      XL: |  1  2  3 |
---------------+----------+-----
Fighting       | 3 |  3.7
Maces & Flails | 1 2 |  2.4
Dodging        | 2 |  2.5
Armour         | 1 |  1.4
Short Blades   | |  2.1
Throwing       | |  2.0
Stealth        | |  3.2

Action                   |  1- 3 |  4- 6 || total
-------------------------+-------+-------++-------
Melee: Dagger            |   105 |    23 ||   128
       Headbutt          |    15 |    10 ||    25
       Mace              |       |     9 ||     9
 Stab: Sleeping          |     2 |       ||     2
  Eat: Chunk             |     1 |     2 ||     3
Armor: Robe              |     8 |       ||     8
       Ring mail         |    32 |     6 ||    38
       Chain mail        |       |    11 ||    11
Dodge: Dodged            |    59 |    18 ||    77
